 Dungeon Sprint DCSS version 0.30-a0-847-g17996783a1 (webtiles) character file.

Game seed: 3398857625369955742

121 dialectric the Covered (level 5, 0/33 HPs)
             Began as a Gargoyle Fighter on Mar 3, 2023.
             Slain by a neqoxec (2 damage)
             ... in the Dungeon (Sprint II: "The Violet Keep of Menkaure").
             The game lasted 00:00:15 (32 turns).

dialectric the Covered (Gargoyle Fighter)             Turns: 32, Time: 00:00:16

Health: 0/33       AC: 11    Str: 19    XL:     5   Next: 5%
Magic:  5/5        EV: 10    Int:  9    God:
Gold:   0          SH:  0    Dex:  9    Spells: 4/4 levels left

rFire   . . .      SeeInvis .    a - +0 flail
rCold   . . .      Faith    .    (no shield)
rNeg    + . .      Spirit   .    b - +0 scale mail
rPois   ∞          Reflect  .    (no helmet)
rElec   +          Rampage  .    (no cloak)
rCorr   .          NoTele   +    (no gloves)
Will    .....                    (no boots) Stlth
                                 (no amulet)
HPRegen 0.00/turn                (no ring)
MPRegen 0.09/turn                (no ring)

@: on berserk cooldown, inhibited regen, slowed, very slow
A: sickness immunity, AC +4, negative energy resistance 1, electricity
resistance, torment resistance 1, petrification resistance, clumsy 1, frail 1,
inhibited regeneration, no potion heal 1, subdued magic 1
a: no special abilities


You were in the Dungeon.
You visited 1 branch

Inventory:

Hand Weapons
 a - a +0 flail (weapon)
Armour
 b - a +0 scale mail (worn)
 c - a +0 buckler
Scrolls
 j - a scroll of blinking
Potions
 d - a potion of might
 e - a potion of curing
 f - a potion of heal wounds
 g - a potion of haste
 h - 2 potions of magic


   Skills:
 + Level 6.4 Fighting
 + Level 4.2 Maces & Flails
 + Level 6.6 Armour
 * Level 3.7 Dodging
 - Level 3.2 Shields


You had 4 spell levels left.
You didn't know any spells.
Your spell library was empty.

Dungeon Overview and Level Annotations

Branches:
Dungeon (1/1)

Altars:


Innate Abilities, Weirdness & Mutations

You are immune to sickness and miasma.
Your stone body is resilient. (AC +4)
You are immune to poison.
You resist negative energy. (rN+)
You are resistant to electric shocks. (rElec)
You are resistant to unholy torment.
You are immune to petrification.
You are clumsy. (Dex -2)
You are frail. (-10% HP)
You do not regenerate when monsters are visible.
Potions are less effective at restoring your health.
Your spells are a little easier to cast, but a little less powerful.


Message History

You have reached level 4!
You feel clever.
You have reached level 5!
Unknown command.
You thump the neqoxec!
The neqoxec is moderately wounded.
You hit the neqoxec.
The neqoxec is heavily wounded.
You are no longer berserk.
You are exhausted.
You feel yourself slow down. The neqoxec closely misses you.
Unknown command.
You miss the neqoxec.
The neqoxec is heavily wounded.
The neqoxec hits you but does no damage.
The neqoxec misses you.
Unknown command.
You sock the neqoxec!
The neqoxec is severely wounded.
The neqoxec completely misses you. The neqoxec gestures at you.
Strange energies course through your body.
Your connection to magic feels subdued.
You barely miss the neqoxec.
The neqoxec is severely wounded.
The neqoxec gestures at you.
Strange energies course through your body.
You feel frail. The neqoxec hits you.
* * * LOW HITPOINT WARNING * * *
You hit the neqoxec.
The neqoxec is almost dead.
The neqoxec hits you.
* * * LOW HITPOINT WARNING * * *
Unknown command.
Unknown command.
You barely miss the neqoxec.
The neqoxec is almost dead.
The neqoxec hits you.
You die...

# #.
#+#
#3##.##
#3@<.+
###.##
#+#


You could see 2 neqoxecs.

Vanquished Creatures
  A neqoxec (D)
1 creature vanquished.

Notes
Turn   | Place    | Note
-------+----------+-------------------------------------------
     0 | D        | dialectric the Gargoyle Fighter began the quest for the
                  | Orb.
     0 | D        | Reached XP level 1. HP: 14/14 MP: 1/1
     8 | D        | Noticed a neqoxec
    12 | D        | Noticed a neqoxec
    15 | D        | Noticed a neqoxec
    18 | D        | Gained mutation: You are clumsy. (Dex -2) [a neqoxec]
    22 | D        | Gained mutation: You do not regenerate when monsters are
                  | visible. [a neqoxec]
    23 | D        | Gained mutation: Potions are less effective at restoring
                  | your health. [a neqoxec]
    25 | D        | Killed a neqoxec
    26 | D        | Reached XP level 2. HP: 9/23 MP: 2/2
    26 | D        | Reached XP level 3. HP: 11/28 MP: 3/3
    26 | D        | Reached XP level 4. HP: 13/32 MP: 4/4
    26 | D        | Reached XP level 5. HP: 15/37 MP: 5/5
    29 | D        | Gained mutation: Your spells are a little easier to cast,
                  | but a little less powerful. [a neqoxec]
    30 | D        | Gained mutation: You are frail. (-10% HP) [a neqoxec]
    32 | D        | Slain by a neqoxec

Illustrated notes

Levels and vault maps discovered:
D:        the_violet_keep_of_menkaure [sprint2_stairs_cluster_1,
          sprint2_shoproom, sprint2_temple, sprint2_basic_supplies,
          sprint2_obstacle_7, sprint2_obstacle_5, sprint2_obstacle_1,
          sprint2_obstacle_2, sprint2_obstacle_4, sprint2_timed_cluster_1,
          sprint2_smallroom_cluster_1, sprint2_smallroom_final_cluster_1,
          sprint2_transparent_cluster_1, sprint2_second_timed_cluster_1,
          sprint2_sniper_area_1, sprint2_heavy_combat_area_1,
          sprint2_mutation_trap_area_1, sprint2_forest_area_1,
          sprint2_light_combat_area_1, sprint2_behind_water_1,
          sprint2_near_end_vault_1]

Skill      XL: |  1 |
---------------+----+-----
Fighting       | 6 |  6.4
Maces & Flails | 4 |  4.2
Armour         | 6 |  6.6
Dodging        | 3 |  3.7
Shields        | |  3.2

Action                     |  1- 3 |  4- 6 || total
---------------------------+-------+-------++-------
  Melee: Flail             |    15 |     7 ||    22
    Use: Potion            |     1 |       ||     1
 Armour: Scale mail        |     2 |     1 ||     3
  Dodge: Dodged            |     2 |     3 ||     5

Table legend: (Time is in decaauts)
 A = Elapsed time spent in this place.
 B = Non-inter-level travel time spent in this place.
 C = Inter-level travel time spent in this place.
 D = Time resting spent in this place.
 E = Time spent auto-exploring this place.
 F = Levels seen in this place.
 G = Mean time per level.
                   A        B        C        D        E       F      G
               +--------+--------+--------+--------+--------+-----+--------+
         Total |     32 |     32 |      0 |      0 |      0 |   1 |   32.0 |
       Dungeon |     32 |     32 |      0 |      0 |      0 |   1 |   32.0 |
               +--------+--------+--------+--------+--------+-----+--------+

Top non-repeatable levels by time:
       D: 32 daAuts
